 Dungeon Crawl Stone Soup version 0.31-a0-182-gc5ef74bbde (webtiles) character file.

Game seed: 11431687018722046988

307 qw the Chopper (level 6, -4/38 HPs)
             Began as a Gargoyle Fighter on June 20, 2023.
             Slain by an ogre
             ... wielding a +0 giant club
              (25 damage)
             ... on level 4 of the Dungeon.
             The game lasted 00:01:11 (2808 turns).

qw the Chopper (Gargoyle Fighter)                   Turns: 2808, Time: 00:01:12

Health: -4/38      AC: 18    Str: 21    XL:     6   Next: 40%
Magic:  6/6        EV:  5    Int:  9    God:
Gold:   149        SH:  9    Dex:  9    Spells: 5/5 levels left

rFire   . . .        Y - +0 war axe
rCold   . . .        c - +0 buckler
rNeg    + . .        j - +0 plate armour
rPois   inf          l - +0 helmet
rElec   +            (no cloak)
rCorr   .            (no gloves)
SInv    .            b - +0 pair of boots
Will    .....        k - amulet of reflection Stlth
                     (no ring)
HPRegen 0.26/turn    (no ring)
MPRegen 0.10/turn

%: reflection
@: no status effects
A: sickness immunity, AC +4, negative energy resistance 1, electricity
resistance, torment resistance 1, petrification resistance
a: no special abilities


You were on level 4 of the Dungeon.
You visited 1 branch of the dungeon, and saw 4 of its levels.

You collected 149 gold pieces.


Innate Abilities, Weirdness & Mutations

You are immune to sickness and miasma.
Your stone body is resilient. (AC +4)
You are immune to poison.
You resist negative energy. (rN+)
You are resistant to electric shocks. (rElec)
You are resistant to unholy torment.
You are immune to petrification.


   Skills:
 - Level 4.2 Fighting
 + Level 5.5 Axes
 - Level 3.2 Armour
 - Level 3.2 Shields


You had 5 spell levels left.
You didn't know any spells.
Your spell library was empty.

Inventory:

Hand Weapons
 p - a +0 mace
 Y - a +0 war axe (weapon)
Armour
 b - a +0 pair of boots (worn)
 c - a +0 buckler (worn)
 j - a +0 plate armour (worn)
 l - a +0 helmet (worn)
Jewellery
 k - an amulet of reflection (around neck)
Scrolls
 i - a scroll of identify
Potions
 a - a potion of mutation {unknown}
 d - 2 potions of might
 f - a potion of heal wounds
 g - a potion of degeneration {unknown}
 h - 4 potions of lignification
 m - a potion of curing {unknown}

Dungeon Overview and Level Annotations

Branches:
Dungeon (4/15)
 Temple: D:4-7

Altars:
Uskayaw

Annotations:
D:4 Edmund, Grinder


Message History

The jackal barks!
Enter note:
Enter note:
Enter note: You completely miss the jackal.
You block the jackal's attack.
The jackal bites you but does no damage.
You closely miss the jackal.
The jackal bites you but does no damage. x2
You closely miss the jackal. You block the jackal's attack.
The jackal bites you but does no damage.
You closely miss the jackal. You block the jackal's attack.
You slash the jackal!
You kill the jackal!
You see here a jackal corpse.
An ogre comes into view. It is wielding a +0 giant club.
The ogre shouts!
You hear a shout!
Enter note:
Enter note:
Enter note:
Enter note:
Enter note:
Enter note: Edmund the Younger comes into view.
He is wielding a +1 dire flail of draining.
Edmund shouts!
A worm comes into view.
You slash the ogre!
The ogre is heavily wounded.
The ogre hits you but does no damage.
You hit the ogre but do no damage.
The ogre is heavily wounded.
The ogre hits you with a +0 giant club!
You hit the ogre.
The ogre is severely wounded.
Grinder comes into view.
An ufetubus comes into view.
The ogre hits you with a +0 giant club!!
Ouch! That really hurt!
You die...

#...[.%)#.#.##.##.#.#.......#
.#.......#.##...##.#.......#.
#.#........%..............#.#
##.#.....................#.##
##.#...................#.##
##.#.................#.##
##.#...#..#.#..#...#.#####
..#.######...### ##.#.....
##.# #.@#.#..# ..#.#####
.#....8.O.....8....#.##
......@............#.##
....8.........8.....#.##
.....................#.#
.....8w......8........#.
.......................#
.55.....................
#########...


You could see Edmund, Grinder, an ogre, a worm and an ufetubus (wandering).

Vanquished Creatures
  Sigmund (D:2)
  Natasha (thrice) (D:3)
  2 adders (D:2)
  A worm (D:2)
  A dart slug (D:1)
  An orc (D:3)
  4 ball pythons
  2 bats (D:1)
  3 endoplasms
  4 giant cockroaches
  6 goblins
  9 hobgoblins
  5 jackals
  4 quokkas
  2 frilled lizards
  4 kobolds
  3 rats
55 creatures vanquished.

Notes
Turn   | Place    | Note
-------+----------+-------------------------------------------
     0 | D:1      | qw the Gargoyle Fighter began the quest for the Orb.
     0 | D:1      | Reached XP level 1. HP: 14/14 MP: 1/1
     0 | D:1      | 0 ||| qw: Version: 0.3-a-9-g12657ce
     0 | D:1      | 0 ||| qw: Game counter: 1398
     0 | D:1      | 0 ||| qw: Always use a shield: true
     0 | D:1      | 0 ||| qw: God list: Okawaru
     0 | D:1      | 0 ||| qw: Allow faded altars: false
     0 | D:1      | 0 ||| qw: Do Orc after D:15 true
     0 | D:1      | 0 ||| qw: Do second Lair branch before Depths: true
     0 | D:1      | 0 ||| qw: Lair rune preference: random
     0 | D:1      | 0 ||| qw: Plans: Normal, Zot:1-4, Slime:5, God:TSO, Crypt,
                  | Tomb, Abyss, Pan, Hells, Win
     0 | D:1      | 0 ||| PLANNING D:1-11
    40 | D:1      | Reached skill level 2 in Axes
   198 | D:1      | Reached XP level 2. HP: 19/19 MP: 2/2
   737 | D:1      | 737 ||| DROPPING +0 club.
   738 | D:1      | 738 ||| UPGRADING to +0 plate armour.
   748 | D:1      | 748 ||| DROPPING +0 scale mail.
   749 | D:1      | 749 ||| UPGRADING to amulet of reflection.
   754 | D:1      | 754 ||| DROPPING amulet of regeneration.
   755 | D:1      | 755 ||| READING scroll labelled BONULI VEDITI.
   756 | D:1      | 756 ||| READING scroll labelled CIAMUCW SAHOSE.
   757 | D:1      | 757 ||| READING scroll labelled ZILEOG JEFA.
   758 | D:1      | 758 ||| DRINKING 2 fizzy white potions.
   784 | D:1      | 784 ||| DRINKING 2 bubbling inky potions.
   791 | D:1      | 791 ||| DROPPING potion of ambrosia.
   829 | D:2      | Reached skill level 3 in Axes
   869 | D:2      | Reached XP level 3. HP: 23/23 MP: 3/3
  1392 | D:2      | Noticed Sigmund
  1405 | D:2      | HP: 4/23 [Sigmund/puff of flame (6)]
  1408 | D:2      | Killed Sigmund
  1409 | D:2      | Reached skill level 5 in Axes
  1409 | D:2      | Reached XP level 4. HP: 3/28 MP: 4/4
  1409 | D:2      | Reached XP level 5. HP: 4/32 MP: 5/5
  1559 | D:2      | 1559 ||| Stepping ~*~*~tactically~*~*~ (stealth).
  1600 | D:2      | 1600 ||| UPGRADING to +0 pair of boots.
  1605 | D:2      | 1605 ||| UPGRADING to +0 helmet.
  1610 | D:2      | 1610 ||| READING scroll labelled VILLEUF HAG.
  1615 | D:2      | 1615 ||| DRINKING 2 fuming ruby potions.
  1616 | D:2      | 1616 ||| DROPPING potion of brilliance.
  1662 | D:3      | 1662 ||| Stepping ~*~*~tactically~*~*~ (stealth).
  1776 | D:3      | Noticed Natasha
  1777 | D:3      | 1777 ||| Stepping ~*~*~tactically~*~*~ (hiding).
  1785 | D:3      | Killed Natasha
  1786 | D:3      | Reached XP level 6. HP: 38/38 MP: 6/6
  2150 | D:3      | 2150 ||| Stepping ~*~*~tactically~*~*~ (hiding).
  2151 | D:3      | 2151 ||| Stepping ~*~*~tactically~*~*~ (hiding).
  2280 | D:3      | Noticed Natasha
  2290 | D:3      | Killed Natasha
  2512 | D:3      | Noticed Natasha
  2513 | D:3      | 2513 ||| Stepping ~*~*~tactically~*~*~ (hiding).
  2522 | D:3      | Killed Natasha
  2590 | D:3      | Found a hide-covered altar of Uskayaw.
  2635 | D:3      | 2635 ||| READING 2 scrolls labelled UJOSIEDWEA.
  2636 | D:3      | 2636 ||| READING scroll labelled GUQINO KACOESMAI.
  2637 | D:3      | 2637 ||| DRINKING 2 metallic pink potions.
  2638 | D:3      | 2638 ||| DROPPING scroll of revelation.
  2804 | D:4      | Noticed Edmund
  2808 | D:4      | Noticed Grinder
  2808 | D:4      | Slain by an ogre

Levels and vault maps discovered:
D:1:      ncdulo_wetmaze, layout_basic
D:2:      layout_basic, uniq_sigmund
D:3:      layout_basic, mainiacjoe_overflow_alcove_4, uniq_natasha
D:4:      wad_pebble_path, layout_basic, gammafunk_temple_overflow_statue,
          minmay_misc_feat_cross, uniq_grinder, uniq_edmund, uniq_menkaure

Skill      XL: |  1  2  3  4  5  6 |
---------------+-------------------+-----
Axes           | 2 3 5 |  5.5
Fighting       | 4 |  4.2
Armour         | |  3.2
Shields        | |  3.2

Action                     |  1- 3 |  4- 6 || total
---------------------------+-------+-------++-------
  Melee: War axe           |    95 |    78 ||   173
    Use: Scroll            |     3 |     3 ||     6
         Potion            |     2 |     2 ||     4
 Armour: Scale mail        |    17 |       ||    17
         Plate armour      |    37 |    43 ||    80
  Dodge: Dodged            |    24 |    11 ||    35
  Block: Buckler           |    25 |    24 ||    49
         Reflection        |       |     2 ||     2

Table legend:
 A = Non-vault XP
 B = Vault XP
 C = Vault XP percentage of total XP
 D = Non-vault monster count
 E = Vault monster count
 F = Vault count percentage of total count
                 A         B        C        D         E       F
            +---------+---------+-------+---------+---------+-------
      Total |     190 |     249 |  56.7 |      53 |       2 |   3.6
            +---------+---------+-------+---------+---------+-------
        D:1 |      28 |       0 |   0.0 |      13 |       0 |   0.0
        D:2 |      57 |     214 |  79.0 |      18 |       1 |   5.3
        D:3 |      95 |      35 |  26.9 |      17 |       1 |   5.6
        D:4 |      10 |       0 |   0.0 |       5 |       0 |   0.0
            +---------+---------+-------+---------+---------+-------
